 Dungeon Crawl Stone Soup version 0.31-a0-466-g98c9adc2b6 (webtiles) character file.

Game seed: 11438429845919271928

159 MisterAzrael the Magician (level 5, -19/39 HPs)
             Began as a Djinni Fire Elementalist on Aug 5, 2023.
             Demolished by an ogre
             ... wielding a +0 giant club
              (37 damage)
             ... on level 4 of the Dungeon.
             The game lasted 00:09:10 (3382 turns).

MisterAzrael the Magician (DjFE)                    Turns: 3382, Time: 00:09:10

Health: -19/39     AC:  2    Str:  7    XL:     5   Next: 68%
Gold:   109        EV: 13    Int: 19    God:
                   SH:  0    Dex: 13

rFire   + + .        (no weapon)
rCold   x . .        (no shield)
rNeg    . . .        a - +0 robe
rPois   ∞            e - +0 hat
rElec   .            (no cloak)
rCorr   .            (no gloves)
SInv    .            (boots unavailable)
Will    .....        (no amulet)
Stlth   ++           (no ring)
HPRegen 0.26/turn    (no ring)
MPRegen 0.00/turn

%: infuse magic (-20 HP)
@: flying
A: sickness immunity, fire resistance 2, cold vulnerability 1, float, innate
caster, HP casting, extra vitality 1
a: no special abilities


You were on level 4 of the Dungeon.
You visited 1 branch of the dungeon, and saw 4 of its levels.

You collected 109 gold pieces.

Inventory:

Armour
 a - a +0 robe (worn)
 e - a +0 hat (worn)
Scrolls
 c - 2 scrolls of brand weapon
 d - 2 scrolls of identify
 g - a scroll of enchant weapon
 h - a scroll of amnesia {unknown}
 i - a scroll of revelation {unknown}
Potions
 b - 2 potions of degeneration {unknown}
 f - a potion of enlightenment {unknown}
 j - a potion of curing {unknown}
 k - 2 potions of brilliance {unknown}


   Skills:
 * Level 2.3 Fighting
 + Level 3.2 Dodging
 - Level 2.0 Stealth
 * Level 3.8 Spellcasting
 * Level 3.8 Conjurations
 * Level 3.8 Hexes
   Level 0.0 Charms
 * Level 3.8 Summonings
 * Level 3.8 Necromancy
 * Level 3.8 Translocations
 * Level 3.8 Transmutations
 * Level 3.8 Fire Magic
 * Level 3.8 Ice Magic
 * Level 3.8 Air Magic
 * Level 3.8 Earth Magic
 * Level 3.8 Poison Magic


You knew the following spells:

 Your Spells              Type           Power      Damage    Failure   Level
a - Foxfire               Conj/Fire      72%        2x1d7     3%          1
b - Scorch                Fire           36%        2d6       4%          2
c - Volatile Blastmotes   Fire/Tloc      36%        2d13      9%          3
d - Inner Flame           Hex/Fire       18%        N/A       9%          3
e - Flame Wave            Conj/Fire      18%        2d7       28%         4
f - Summon Small Mammal   Summ           72%        N/A       3%          1
g - Searing Ray           Conj           36%        2d5       4%          2
Your spell library was empty.

Dungeon Overview and Level Annotations

Branches:
Dungeon (4/15)
 Temple: D:4-7

Altars:
Ru

Shops:
D:3 =[?

Annotations:
D:4 Pikel


Innate Abilities, Weirdness & Mutations

You are immune to sickness and miasma.
You are immune to poison.
Your flesh is very heat resistant. (rF++)
You are vulnerable to cold. (rC-)
You float through the air rather than walking.
You learn spells naturally, not from books.
Your magical power is your life essence.
You have superior vitality. (+4 MHP)


Message History

Your quokka is filled with an inner flame.
What are your orders? t - Shout!
Orders for allies: a - Attack new target. p - Attack previous target. r - Retreat! s - Stop attacking. g - Guard the area. f - Follow me.
Anything else - Cancel.
Gang up on whom?
Press: ? - help, Dir - move target, f - scorpion, p - quokka
Aim: a scorpion (ally target) Attack!
The scorpion barely misses your quokka.
Your quokka bites the scorpion.
Your quokka barely misses the scorpion.
Your quokka completely misses the scorpion.
The scorpion closely misses you.
Your quokka closely misses the scorpion.
The scorpion closely misses you.
Your quokka barely misses the scorpion.
The scorpion closely misses you. The scorpion attacks as you move away!
The scorpion stings you!
Your quokka barely misses the scorpion.
The scorpion attacks as you move away! The scorpion stings you.
Your quokka bites the scorpion but does no damage.
Your quokka barely misses the scorpion.
The scorpion attacks as you move away! The scorpion closely misses you.
The scorpion stings you!
An ogre comes into view. It is wielding a +0 giant club.
Your quokka barely misses the scorpion.
As you read the scroll labelled UHEHINEP AB XUI, it crumbles to dust.
It is a scroll of identify.
c - 2 scrolls of brand weapon The ogre shouts!
The scorpion stings you.
As you read the scroll labelled DEDIAH COIGYI, it crumbles to dust.
It is a scroll of enchant weapon.
You aren't carrying any weapons that can be enchanted.
Your quokka bites the scorpion but does no damage.
The ogre hits you with a +0 giant club!!!
Ouch! That really hurt!
You die...

#.......... ##.........#
#..........# ##..........#
#...........##
##............#
...##...##.....O.......#
............####@.....#
............#..#s.....#
...............#r.....# ###
............._.#......# #.#
##.............#......####.#
.##.........# #...#....#.##
..##........## ####.......##
...#...####..### ##...###..#
.†.....# #....###...## #..##


You could see an ogre, a scorpion (ally target) and a friendly quokka (summoned,
inner flame).

Vanquished Creatures
  Natasha (thrice) (D:3)
  3 adders
  A shadow imp (D:4)
  2 worms
  A dart slug (D:1)
  An orc (D:3)
  A ball python (D:3)
  5 bats (D:2)
  An endoplasm (D:1)
  2 giant cockroaches (D:2)
  4 goblins
  5 hobgoblins
  5 kobolds
  2 quokkas
  2 frilled lizards
38 creatures vanquished.

Vanquished Creatures (collateral kills)
  An endoplasm (D:3)
  A goblin (D:3)
2 creatures vanquished.

Vanquished Creatures (others)
  85 foxfires
85 creatures vanquished.

Grand Total: 125 creatures vanquished

Notes
Turn   | Place    | Note
-------+----------+-------------------------------------------
     0 | D:1      | MisterAzrael the Djinni Fire Elementalist began the quest
                  | for the Orb.
     0 | D:1      | MisterAzrael set off with the following spells memorised:
                  | Foxfire, Scorch, Volatile Blastmotes, Inner Flame, Flame
                  | Wave.
     0 | D:1      | Reached XP level 1. HP: 15/15 MP: 0/0
   141 | D:1      | Reached XP level 2. HP: 19/21 MP: 0/0
   354 | D:1      | You are sucked into a shaft and drop 1 floor!
   493 | D:2      | Reached XP level 3. HP: 23/25 MP: 0/0
   493 | D:2      | Learned a level 1 spell: Summon Small Mammal
  1225 | D:2      | Reached skill level 1 in Fighting
  1225 | D:2      | Reached XP level 4. HP: 15/32 MP: 0/0
  1838 | D:3      | Noticed Natasha
  1846 | D:3      | Killed Natasha
  2055 | D:3      | Noticed an animated gold dragon scales
  2056 | D:3      | Found Joduf's Armour Shop.
  2056 | D:3      | Noticed an animated gold dragon scales
  2502 | D:3      | Noticed Natasha
  2504 | D:3      | Killed Natasha
  2505 | D:3      | Reached XP level 5. HP: 33/38 MP: 0/0
  2505 | D:3      | Learned a level 2 spell: Searing Ray
  2530 | D:3      | Found Fabbioj's Jewellery Shop.
  2632 | D:3      | Found Liawar's Magic Scroll Shop.
  2981 | D:4      | Noticed Pikel
  2981 | D:4      | Noticed a lemure
  2981 | D:4      | Noticed a lemure
  2981 | D:4      | Noticed a lemure
  2981 | D:4      | Noticed a lemure
  2998 | D:3      | Noticed Natasha
  3008 | D:3      | Killed Natasha
  3327 | D:4      | Found a sacrificial altar of Ru.
  3380 | D:4      | Noticed an ogre
  3382 | D:4      | Demolished by an ogre

Illustrated notes

Levels and vault maps discovered:
D:1:      mushboom_english_gardens, layout_loops_cross
D:2:      layout_basic
D:3:      layout_loops_ring, serial_shops, nicolae_shop_statue_plus,
          nicolae_square_shop, nicolae_shop_mannequins, uniq_natasha
D:4:      kennysheep_spiral_hall, layout_layer_cave, general_overflow_altar,
          mainiacjoe_overflow_alcove_1,
          nicolae_dithmenos_through_a_glass_darkly, uniq_pikel

Skill      XL: |  1  2  3  4 |
---------------+-------------+-----
Spellcasting   | |  3.8
Conjurations   | |  3.8
Hexes          | |  3.8
Summonings     | |  3.8
Necromancy     | |  3.8
Translocations | |  3.8
Transmutations | |  3.8
Fire Magic     | |  3.8
Ice Magic      | |  3.8
Air Magic      | |  3.8
Earth Magic    | |  3.8
Poison Magic   | |  3.8
Stealth        | 2 |  2.0
Fighting       | 1 2 |  2.3
Dodging        | 3 |  3.2

Action                     |  1- 3 |  4- 6 || total
---------------------------+-------+-------++-------
  Melee: Unarmed           |     2 |       ||     2
   Cast: Foxfire           |    42 |    10 ||    52
         Scorch            |     4 |     9 ||    13
         Inner Flame       |    13 |    21 ||    34
         Summon Small Mamm |    10 |     9 ||    19
         Volatile Blastmot |       |     1 ||     1
    Use: Scroll            |       |     2 ||     2
 Armour: Robe              |     6 |     1 ||     7
  Dodge: Dodged            |    19 |     9 ||    28

Table legend: (Time is in decaauts)
 A = Elapsed time spent in this place.
 B = Non-inter-level travel time spent in this place.
 C = Inter-level travel time spent in this place.
 D = Time resting spent in this place.
 E = Time spent auto-exploring this place.
 F = Levels seen in this place.
 G = Mean time per level.
                   A        B        C        D        E       F      G
               +--------+--------+--------+--------+--------+-----+--------+
         Total |   3400 |   3358 |     42 |   1022 |   1759 |   4 |  850.0 |
       Dungeon |   3400 |   3358 |     42 |   1022 |   1759 |   4 |  850.0 |
               +--------+--------+--------+--------+--------+-----+--------+

Top non-repeatable levels by time:
     D:2: 1446 daAuts
     D:3: 1345 daAuts
     D:1: 354 daAuts
     D:4: 254 daAuts
